 Dungeon Crawl Stone Soup version 0.27-a0-1105-g946c659c87 (webtiles) character file.

Game seed: 13207478063784876605

25 kae the Skirmisher (level 2, -3/24 HPs)
             Began as a Demonspawn Abyssal Knight on Apr 29, 2021.
             Was a Follower of Lugonu.
             Slain by a gnoll
             ... wielding a +0 flail
              (6 damage)
             ... on level 1 of the Dungeon.
             The game lasted 00:00:27 (1072 turns).

kae the Skirmisher (Demonspawn Abyssal Knight)      Turns: 1072, Time: 00:00:27

Health: -3/24      AC:  3    Str: 12    XL:     2   Next: 86%
Magic:  4/4        EV: 11    Int: 13    God:    Lugonu [*.....]
Gold:   18         SH:  0    Dex: 12    Spells: 1/1 levels left

rFire    . . .     SeeInvis .   a - +1 falchion
rCold    . . .     Faith    .   (no shield)
rNeg     . . .     Spirit   .   b - +0 leather armour
rPois    .         Reflect  .   (no helmet)
rElec    .         Harm     .   (no cloak)
rCorr    .         Rampage  .   (no gloves)
Will     .....                  (no boots)
Stlth    +.........             (no amulet)
HPRegen  0.08/turn              (no ring)
MPRegen  0.09/turn              (no ring)

@: no status effects
A: spiny 1
a: Renounce Religion, Depart the Abyss


You were on level 1 of the Dungeon.
You worshipped Lugonu.
Lugonu was aware of your devotion.
You visited 1 branch of the dungeon, and saw 1 of its levels.
You visited the Abyss 1 time.

You collected 18 gold pieces.

Inventory:

Hand Weapons
 a - a +1 falchion (weapon)
Armour
 b - a +0 leather armour (worn)
Scrolls
 c - a scroll of acquirement {unknown}
Potions
 d - 2 potions of curing {unknown}
 e - a potion of degeneration {unknown}


   Skills:
 + Level 3.2 Fighting
 * Level 2.4 Long Blades
 + Level 2.1 Armour
 - Level 0.8 Dodging
 + Level 2.9 Invocations


You had one spell level left.
You didn't know any spells.
Your spell library was empty.

Dungeon Overview and Level Annotations

Branches:
Dungeon (1/15)

Altars:


Innate Abilities, Weirdness & Mutations

You are partially covered in sharp spines.


Message History

No target in view!
Things that are here:
a +0 dagger; a goblin corpse
There is a stone staircase leading down here.
You open the door.
There is an open door here.
An endoplasm and a gnoll come into view.
The gnoll shouts!
There are monsters nearby!
The endoplasm quivers.
There are monsters nearby!
The endoplasm jiggles.
The gnoll hits you with a +0 flail.
Found a stone staircase leading down.
You hit the gnoll but do no damage. The gnoll hits you with a +0 flail!
Ouch! That really hurt!
* * * LOW HITPOINT WARNING * * *
The endoplasm freezes you.
You are frozen.
* * * LOW HITPOINT WARNING * * *
There are monsters nearby!
You are too injured to fight recklessly!
You are too injured to fight recklessly!
There are monsters nearby!
You are too injured to fight recklessly!
You are too injured to fight recklessly!
There are monsters nearby!
You are too injured to fight recklessly!
You are too injured to fight recklessly!
There are monsters nearby!
You are too injured to fight recklessly!
You are too injured to fight recklessly!
The endoplasm barely misses you.
You riposte.
You hit the endoplasm.
The endoplasm is moderately wounded.
Okay, then.
Okay, then.
Okay, then.
The endoplasm jiggles.
The gnoll is struck by your spines. The gnoll hits you with a +0 flail.
You die...

#.######.#.#
#.###.#.##.#.###.# #.#
#...#.# #.....#....#.....#
#.# #.###.##
#.....############
#.####'#....#
#.....'.........#
#.#......##.#
#..)..#########.#
##.#......##.#
#.###.....#...#.#
...#......##.# #.#
#.###.#...#.# .###......##.#
#.# #.# #.#.###.#
..##......##.# #@#
#.###.#.....# #'##......##.#
#g# #.#.....#####
........####.###J###.#.#.#.#
........# #.........#.#.#.#
........# #..##.#####.#.#.#
........# #..##.#
#.#.#.###### ........#
#..##.# #.#.#.......
........#####.##.#
#.#....####.
..............##.# #.####.#
#.


You could see a gnoll and an endoplasm.

Vanquished Creatures
  A gnoll (D:1)
  A dart slug (D:1)
  2 endoplasms (D:1)
  A giant cockroach (D:1)
  3 hobgoblins (D:1)
  A bat (D:1)
  A frilled lizard (D:1)
  2 goblins (D:1)
  2 rats (D:1)
14 creatures vanquished.

Notes
Turn   | Place    | Note
-------+----------+-------------------------------------------
     0 | Abyss:1  | kae the Demonspawn Abyssal Knight began the quest for the
                  | Orb.
     0 | Abyss:1  | Reached XP level 1. HP: 18/18 MP: 2/2
    51 | Abyss:1  | Noticed a small abomination
    79 | Abyss:1  | Noticed a large abomination
    79 | Abyss:1  | Noticed a small abomination
    82 | D:1      | Escaped the Abyss
   424 | D:1      | Found a faded altar of an unknown god.
   456 | D:1      | Gained mutation: You are partially covered in sharp spines.
                  | [demonic ancestry]
   456 | D:1      | Reached XP level 2. HP: 18/24 MP: 4/4
   684 | D:1      | Reached * piety under Lugonu
  1072 | D:1      | Slain by a gnoll

Illustrated notes

Levels and vault maps discovered:
D:1:      nzn_arrival_depleted_hourglass, layout_basic,
          shapermc_ecumenical_altar_notcrosses

Skill      XL: |  1  2 |
---------------+-------+-----
Long Blades    | 2 |  2.4
Armour         | 2 |  2.1
Fighting       | |  3.2
Dodging        | |  0.8
Invocations    | |  2.9

Action                   || total
-------------------------++-------
Melee: Falchion          ||    32
Invok: Depart the Abyss  ||     1
Armor: Leather armour    ||     4
Dodge: Dodged            ||    16
       Rpst.: Falchion   ||     7

Table legend: (Time is in decaauts)
 A = Elapsed time spent in this place.
 B = Non-inter-level travel time spent in this place.
 C = Inter-level travel time spent in this place.
 D = Time resting spent in this place.
 E = Time spent auto-exploring this place.
 F = Levels seen in this place.
 G = Mean time per level.
                   A        B        C        D        E       F      G
               +--------+--------+--------+--------+--------+-----+--------+
         Total |   1079 |   1079 |      0 |      0 |    961 |   2 |  539.5 |
       Dungeon |    997 |    997 |      0 |      0 |    891 |   1 |  997.0 |
         Abyss |     82 |     82 |      0 |      0 |     70 |   1 |   82.0 |
               +--------+--------+--------+--------+--------+-----+--------+

Top non-repeatable levels by time:
     D:1: 997 daAuts
 Abyss:1: 82 daAuts
